 Dungeon Crawl Stone Soup version 0.27.1-3-gb3d3a73c9e (webtiles) character file.

Game seed: 10330807407017608397

122 Descartes the Shield-Bearer (level 5, 0/41 HPs)
             Began as a Formicid Fighter on Oct 24, 2021.
             Slain by a hobgoblin (3 damage)
             ... on level 3 of the Dungeon.
             The game lasted 00:03:14 (2342 turns).

Descartes the Shield-Bearer (Formicid Fighter)      Turns: 2342, Time: 00:03:15

Health: 0/41       AC:  0    Str: 20    XL:     5   Next: 27%
Magic:  5/5        EV:  8    Int:  9    God:
Gold:   107        SH:  9    Dex: 10    Spells: 4/4 levels left

rFire    . . .     SeeInvis +   a - +0 war axe
rCold    . . .     Faith    .   c - +0 kite shield
rNeg     . . .     Spirit   .   b - +0 scale mail
rPois    .         Reflect  .   (helmet unavailable)
rElec    .         Harm     .   (no cloak)
rCorr    .         Rampage  .   (no gloves)
Will     .....                  (no boots)
Stlth    ..........             (no amulet)
HPRegen  0.13/turn              (no ring)
MPRegen  0.09/turn              (no ring)

@: corroded
A: permanent stasis, dig shafts and tunnels, antennae 3, four strong arms
a: Dig, Shaft Self


You were on level 3 of the Dungeon.
You visited 1 branch of the dungeon, and saw 3 of its levels.

You collected 107 gold pieces.

Inventory:

Hand Weapons
 a - a +0 war axe (weapon)
Missiles
 h - 8 curare-tipped darts
 i - 51 stones
Armour
 b - a +0 scale mail (worn)
 c - a +0 kite shield (worn)
Scrolls
 e - a scroll of brand weapon {unknown}
 g - a scroll of teleportation {unknown}
 j - 3 scrolls of amnesia {unknown}
 k - 2 scrolls of identify {unknown}
 m - 2 scrolls of fear {unknown}
 n - a scroll of magic mapping {unknown}
Potions
 d - 2 potions of might
 f - 2 potions of degeneration {unknown}
 l - 2 potions of heal wounds {unknown}
 o - a potion of ambrosia {unknown}
 p - a potion of berserk rage {unknown}
 q - a potion of invisibility {unknown}


   Skills:
 - Level 3.2 Fighting
 + Level 3.3 Axes
 + Level 4.4 Armour
 + Level 4.8 Shields


You had 4 spell levels left.
You didn't know any spells.
Your spell library was empty.

Dungeon Overview and Level Annotations

Branches:
Dungeon (3/15)

Altars:
Elyvilon

Annotations:
D:3 2 transporters, chujev's ghost, amateur TrBe


Innate Abilities, Weirdness & Mutations

You cannot be hasted, slowed, berserked, paralysed or teleported.
You can dig through walls and to a lower floor.
You have a pair of large antennae on your head. (SInv)
Your four strong arms can wield two-handed weapons with a shield.


Message History

You block the adder's attack.
The ball python bites you but does no damage.
The ball python grabs you. The ball python constricts you.
You slash the ball python!
You kill the ball python!
You closely miss the adder. You barely miss the kobold.
The adder bites you but does no damage. The kobold barely misses you.
The adder bites you but does no damage.
You hit the adder.
You kill the adder!
You hit the hobgoblin. You slash the kobold!
You kill the kobold!
A nearby plant withers and dies.
The hobgoblin hits you. The jelly hits you but does no damage.
The hobgoblin hits you but does no damage.
You closely miss the hobgoblin.
The hobgoblin is lightly wounded.
You hit the jelly.
Your hands burn!
The jelly hits you but does no damage.
The hobgoblin hits you but does no damage.
You hit the jelly.
Your hands burn!
The jelly is moderately wounded.
You barely miss the hobgoblin. You slash the goblin!
You kill the goblin!
The jelly hits you. The acid corrodes you!
You are splashed with acid!
You block the hobgoblin's attack. The jelly completely misses you.
You block the hobgoblin's attack.
You closely miss the hobgoblin.
The hobgoblin is lightly wounded.
You hit the goblin. You barely miss the jelly. The jelly barely misses you.
The hobgoblin hits you. The goblin barely misses you.
Unknown command.
You hit the jelly but do no damage.
Your hands burn!
The jelly is moderately wounded.
You closely miss the hobgoblin. You hit the goblin.
You kill the goblin!
The jelly barely misses you. You block the hobgoblin's attack.
The jelly hits you. The acid corrodes you!
You are splashed with acid!
* * * LOW HITPOINT WARNING * * *
The hobgoblin hits you.
You die...

#.....#8hS?....8#.####
####..##rgW....##.####
#...####### #......
#.......... ..# #
###.####### #.#### #.#
#.##.. #.# ###.....
##.# #####...###. #@.#
............
#..Jg)........##.##.#
#...♣........###
#.##.# #P ≈≈≈.≈.P...#
###)...# ..≈.≈P≈≈P..#
#.......
.≈≈≈≈≈≈≈≈.≈P.#
#.......
P.≈.≈≈≈≈≈≈≈..#
#.......
...≈≈.≈≈♣≈≈♣##
#....<.. #.......


You could see a jelly and a hobgoblin.

Vanquished Creatures
  A hound (D:2)
  A gnoll (D:1)
  2 adders (D:3)
  A worm (D:3)
  2 dart slugs (D:1)
  5 endoplasms
  2 giant cockroaches (D:2)
  7 goblins
  6 hobgoblins
  4 jackals (D:2)
  A quokka (D:1)
  4 ball pythons
  4 bats (D:1)
  4 frilled lizards
  6 kobolds
  6 rats
56 creatures vanquished.

Vanquished Creatures (others)
  A plant (D:3)
1 creature vanquished.

Grand Total: 57 creatures vanquished

Notes
Turn   | Place    | Note
-------+----------+-------------------------------------------
     0 | D:1      | Descartes the Formicid Fighter began the quest for the Orb.
     0 | D:1      | Reached XP level 1. HP: 18/18 MP: 1/1
   152 | D:1      | Reached XP level 2. HP: 23/24 MP: 2/2
   270 | D:1      | Found a faded altar of an unknown god.
   509 | D:1      | Reached XP level 3. HP: 29/29 MP: 3/3
  1036 | D:2      | Reached XP level 4. HP: 35/35 MP: 4/4
  1886 | D:2      | Found a white marble altar of Elyvilon.
  2044 | D:3      | Reached XP level 5. HP: 35/41 MP: 5/5
  2287 | D:3      | Found a transporter.
  2291 | D:3      | Noticed chujev's ghost (amateur TrBe)
  2295 | D:3      | Noticed a black bear
  2321 | D:3      | Found a transporter.
  2342 | D:3      | Slain by a hobgoblin

Illustrated notes

Levels and vault maps discovered:
D:1:      scummos_arrival_simple_fountains, layout_loops_cross,
          basic_ecumenical_altar
D:2:      layout_basic, basic_altar
D:3:      layout_rooms, gammafunk_ghost_arena, minmay_hedge_maze,
          serial_bayou_pond_b, nrook_mini_backslash

Skill      XL: |  1  2  3 |
---------------+----------+-----
Shields        | 4 |  4.8
Axes           | 3 |  3.3
Armour         | 4 |  4.4
Fighting       | |  3.2

Action                   |  1- 3 |  4- 6 || total
-------------------------+-------+-------++-------
Melee: War axe           |    84 |    74 ||   158
Armor: Scale mail        |    37 |    44 ||    81
Dodge: Dodged            |    37 |    30 ||    67
Block: Kite shield       |    53 |    37 ||    90
